 Dungeon Crawl Stone Soup version 0.24.0-123-gd5b16e6ec5 (webtiles) character file.

Game seed: 1516655587514772814, levelgen mode: deterministic

111775 Gruesph the Peltast (level 16, -21/156 HPs)
             Began as a Troll Berserker on Dec 22, 2019.
             Was a High Priest of Trog.
             Killed from afar by Roxanne (25 damage)
             ... with a crystal spear
             ... on level 2 of the Swamp on Jan 5, 2020.
             The game lasted 02:12:35 (24917 turns).

Gruesph the Peltast (Troll Berserker)              Turns: 24917, Time: 02:12:36

Health: -21/156    AC: 10    Str: 29    XL:     16   Next: 10%
Magic:  20/20      EV: 22    Int:  9    God:    Trog [*****.]
Gold:   3208       SH:  0    Dex: 19    Spells: 15/15 levels left

rFire    + . .     SeeInvis .     - Unarmed
rCold    . . .     Gourm    +   L - +0 large shield {rF+}
rNeg     + . .     Faith    .   M - +2 robe {rN+}
rPois    .         Spirit   .   I - +1 hat
rElec    .         Reflect  .   k - +0 cloak
rCorr    +         Harm     .   (gloves unavailable)
MR       ++++.                  (boots unavailable)
Stlth    +++.......             p - amulet of regeneration
HPRegen  2.16/turn              F - ring of Kaecrulu {rCorr Int+6 Stlth+}
MPRegen  0.17/turn              X - ring of protection from magic

@: confused, agile, regenerating
A: large, unfitting armour, claws 3, fast metabolism 3, gourmand, regeneration
1, shaggy fur 1, tough skin 3
a: Berserk, Trog's Hand, Brothers in Arms, Renounce Religion


You were on level 2 of the Swamp.
You worshipped Trog.
Trog was extremely pleased with you.
You were full.

You visited 5 branches of the dungeon, and saw 26 of its levels.
You also visited: Gauntlet and Volcano.

You collected 3364 gold pieces.
You spent 156 gold pieces at shops.

Inventory:

Missiles
 d - 14 large rocks (quivered)
 n - 109 poisoned darts
 v - 4 boomerangs of dispersal
 A - 18 curare-tipped darts
 E - 7 datura-tipped darts
 J - 20 javelins
 P - 2 throwing nets
Armour
 k - a +0 cloak (worn)
 w - a +2 robe of fire resistance
 I - a +1 hat (worn)
 L - a +0 large shield of fire resistance (worn)
 M - a +2 robe of positive energy (worn)
Jewellery
 p - an amulet of regeneration (around neck)
 F - the ring of Kaecrulu (left claw) {rCorr Int+6 Stlth+}
   (You found it on level 8 of the Dungeon)

   [ring of resist corrosion]

   It affects your intelligence (+6).
   It provides partial protection from all sources of acid and corrosion.
   It makes you more stealthy.
 O - a +3 ring of evasion
 V - an uncursed ring of positive energy
 X - a ring of protection from magic (right claw)
Wands
 g - a wand of scattershot (4)
 y - a wand of digging (21)
 C - a wand of iceblast (25)
 K - a wand of flame (9)
 N - a wand of polymorph (8)
 R - a wand of acid (5)
 W - a wand of enslavement (7)
Scrolls
 b - 6 scrolls of immolation
 e - 8 scrolls of teleportation
 i - 7 scrolls of identify
 m - 7 scrolls of magic mapping
 r - 8 scrolls of remove curse
 t - 2 scrolls of fear
 x - 5 scrolls of blinking
 D - 4 scrolls of fog
 Q - 3 scrolls of holy word
 S - a scroll of summoning
Potions
 a - 3 potions of cancellation
 c - 7 potions of curing
 h - 3 potions of heal wounds
 j - a potion of lignification
 l - 8 potions of resistance
 o - 6 potions of mutation
 q - 3 potions of flight
 u - a potion of ambrosia
 z - 3 potions of agility
 B - 2 potions of haste
 G - 4 potions of might
Miscellaneous
 s - a phantom mirror
Comestibles
 f - 51 rations


   Skills:
 - Level 9.2 Fighting
 - Level 1.1 Throwing
 - Level 9.2 Dodging
 - Level 15.0 Shields
 - Level 15.0 Unarmed Combat
 + Level 7.3 Evocations


You had 15 spell levels left.
You didn't know any spells.
Your spell library contained the following spells:

 Spells                   Type           Power        Failure   Level  Hunger
 Infusion                 Chrm           #...         38%         1    ##.....
 Shroud of Golubria       Chrm/Tloc      #.....       52%         2    ###....
 Ozocubu's Armour         Chrm/Ice       #.......     77%         3    ####...
 Regeneration             Chrm/Necr      #.........   77%         3    ####...
 Spectral Weapon          Hex/Chrm       #.......     77%         3    ####...
 Olgreb's Toxic Radiance  Pois           #.......     99%         4    #####..
 Excruciating Wounds      Chrm/Necr      #.........   100%        5    ######.
 Deflect Missiles         Chrm/Air       #.........   100%        6    #######


Dungeon Overview and Level Annotations

Branches:
Dungeon (15/15)            Temple (1/1) D:4            Lair (6/6) D:9
  Swamp (2/4) Lair:4       Spider (0/4) Lair:2        Slime (0/5) Lair:6
    Orc (2/2) D:11            Elf (0/3) Orc:2        Vaults (0/5) D:14
 Depths (0/5) D:15        Volcano (visited)         Gauntlet (visited)

Altars:
Ashenzari
Cheibriados
Dithmenos
Elyvilon
Fedhas
Gozag
Hepliaklqana
Kikubaaqudgha
Makhleb
Nemelex Xobeh
Okawaru
Qazlal
Ru
Sif Muna
Trog
Uskayaw
Vehumet
Wu Jian
Xom
Yredelemnul
Zin
The Shining One

Shops:
D:10 [   D:15 (   Orc:2 ?(*}

Annotations:
Swamp:2 Roxanne


Innate Abilities, Weirdness & Mutations

You are too large for most types of armour.
You have claws for hands.
Your metabolism is lightning-fast.
You like to eat raw meat.
Your natural rate of healing is unusually fast.
You are covered in fur. (AC +1)
You have extremely tough skin. (AC +3)


Message History

The nine-headed hydra bites you!
* * * LOW HITPOINT WARNING * * *
You feel agile all of a sudden.
The nine-headed hydra barely misses you.
The nine-headed hydra completely misses you. x2
The nine-headed hydra bites you.
* * * LOW HITPOINT WARNING * * *
The nine-headed hydra bites you but does no damage.
The nine-headed hydra bites you!
* * * LOW HITPOINT WARNING * * *
The nine-headed hydra completely misses you.
The nine-headed hydra barely misses you.
The nine-headed hydra bites you.
* * * LOW HITPOINT WARNING * * *
The swamp drake breathes noxious fumes at you.
The noxious blast misses you.
A swamp drake comes into view.
Roxanne mumbles some strange words.
The crystal spear hits you!!
You die...

♣♣.≈.≈≈♣♣<≈≈.≈[.♣
♣♣..≈...♣♣.≈≈.§.♣♣ .≈
....≈....♣.≈≈≈≈..♣♣. ≈
≈§.≈≈≈≈.≈≈....≈≈.≈..≈≈
≈≈≈≈.≈♣≈.≈.≈§≈≈≈.≈≈≈..
§≈≈≈.≈≈≈..≈≈§≈≈≈.♣≈≈.♣
.≈....≈..♣..○≈≈.≈≈.≈≈k
♣....≈≈.≈≈≈≈.○○○k≈♣...
♣♣♣..≈♣.≈≈≈%.♣@k.≈.≈≈♣
♣.≈≈≈÷≈≈.≈≈○D8[.≈≈♣.
♣♣≈≈≈<.≈≈≈≈≈..○....♣
♣....≈≈..≈≈≈...♣.♣♣
♣♣.≈≈≈≈♣...≈.≈≈≈.♣
♣.≈≈...(..≈≈.≈≈♣♣
♣♣≈.≈≈§≈♣..≈..≈♣
♣♣.≈$.≈...≈≈.♣♣
♣♣.>♣≈...≈..♣


You could see Roxanne, a nine-headed hydra and 3 swamp drakes.

Vanquished Creatures
  Jorgrun (D:11)
  An orc warlord (Orc:1)
  Louise (Swamp:1)
  The ghost of demivan the Severer, a journeyman MiFi of Trog (Lair:6)
  A very ugly thing (Swamp:1)
  The ghost of Curus the Spry, a journeyman MfGl of Trog (Lair:6)
  A red draconian (Volcano)
  A dire elephant (Gauntlet)
  A minotaur (Gauntlet)
  Josephine (D:11)
  A blizzard demon (Gauntlet)
  2 ogre magi (D:14)
  11 hydras
  A death knight (D:11)
  2 catoblepae
  A shambling mangrove (Swamp:2)
  A centaur warrior (D:13)
  11 two-headed ogres
  The ghost of FishyPogo the Ducker, a novice DrCK of Xom (D:9)
  2 alligators
  5 death yaks
  3 orc high priests (Orc:2)
  A tengu warrior (D:14)
  Sonja (Lair:3)
  Nergalle (Lair:3)
  The ghost of marak the Sneak, a novice NaVM of Sif Muna (D:5)
  A salamander mystic (Volcano)
  2 skeletal warriors
  3 unseen horrors
  Pikel (D:6)
  A phantasmal warrior (D:15)
  A necromancer (D:15)
  An orc knight (Orc:2)
  An iron dragon zombie (D:15)
  3 orc sorcerers
  2 deep elf magi
  11 ugly things
  6 salamanders (Volcano)
  4 manticores
  A cyclops (D:12)
  4 black mambas
  3 elephants (Gauntlet)
  3 gargoyles
  12 spiny frogs
  3 rime drakes (Lair:4)
  A freezing wraith (D:11)
  3 efreet
  6 komodo dragons
  A tengu conjurer (D:14)
  A guardian mummy (D:15)
  An ice devil (Gauntlet)
  8 trolls
  6 polar bears (Lair:6)
  3 hornets
  2 bog bodies
  5 blink frogs (Lair:6)
  3 slime creatures
  7 dream sheep
  3 raiju (Lair:6)
  10 hippogriffs
  An ettin zombie (D:15)
  A shadow (D:14)
  6 wraiths
  A basilisk (Lair:5)
  2 vampires
  34 yaks
  4 wyverns
  4 hungry ghosts
  8 vampire mosquitoes
  The ghost of Curus the Slasher, an amateur MiGl of Makhleb (D:4)
  4 steam dragons
  5 swamp worms (Swamp:1)
  4 wargs
  An acid dragon (Lair:4)
  14 water moccasins
  12 black bears
  6 ice beasts
  12 hell hounds (Lair:6)
  8 porcupines
  2 swamp drakes
  18 orc warriors
  An eye of draining (D:12)
  3 sky beasts
  A slave (D:6)
  2 necrophages
  11 ogres
  3 centaurs
  7 crocodiles
  51 wolves
  3 big kobolds
  17 bullfrogs
  12 scorpions
  A wyvern skeleton (D:13)
  14 killer bees
  3 electric eels (Lair:2)
  3 howler monkeys
  5 centaur zombies
  A crimson imp (D:6)
  2 bullfrog zombies
  11 jellies
  29 orc priests
  21 orc wizards
  5 bullfrog skeletons
  5 centaur skeletons
  7 hounds
  4 iguanas
  13 worker ants
  A killer bee zombie (D:6)
  2 hound zombies
  A hound skeleton (D:6)
  A howler monkey zombie (D:9)
  3 gnolls (D:8)
  6 adders
  5 shadow imps
  A white imp (Gauntlet)
  7 oozes
  An adder zombie (D:6)
  2 adder skeletons
  A worm (D:6)
  2 dart slugs
  6 leopard geckos
  91 orcs
  6 bats
  4 giant cockroaches
  8 goblins
  8 hobgoblins
  7 jackals
  4 quokkas
  A ball python (D:5)
  9 frilled lizards
  A jackal skeleton (D:6)
  A jackal zombie (D:7)
  19 kobolds
  A leopard gecko skeleton (D:5)
  10 rats
  A fungus (D:8)
  3 plants
774 creatures vanquished.

Vanquished Creatures (collateral kills)
  Gastronok (Lair:1)
  A hydra (Lair:5)
  An orc high priest (Orc:2)
  6 death yaks (Lair:5)
  4 ugly things (D:14)
  A frost giant skeleton (D:15)
  A spiny frog (Lair:4)
  3 polar bears (Lair:6)
  6 dream sheep
  A hippogriff (Lair:4)
  2 yaks (Lair:3)
  A spriggan skeleton (D:15)
  2 wargs (Lair:6)
  2 hell hounds (Lair:6)
  4 orc warriors (Orc:2)
  A black bear (Lair:6)
  2 ogres
  4 wolves
  A crocodile (Lair:4)
  A howler monkey (D:9)
  5 orc wizards (Orc:2)
  9 orc priests (Orc:2)
  3 orcs (Orc:2)
62 creatures vanquished.

Vanquished Creatures (others)
  6 dream sheep (Lair:6)
  A water moccasin (Lair:6)
  A slave (D:6)
  A wolf (Lair:3)
  2 orcs
  A fungus (Lair:3)
  7 plants (Lair:6)
  3 toadstools (D:8)
22 creatures vanquished.

Grand Total: 858 creatures vanquished

Notes
Turn   | Place    | Note
-------+----------+-------------------------------------------
     0 | D:1      | Gruesph the Troll Berserker began the quest for the Orb.
     0 | D:1      | Reached XP level 1. HP: 22/22 MP: 0/0
    86 | D:1      | Reached XP level 2. HP: 29/29 MP: 1/1
   609 | D:2      | Reached XP level 3. HP: 36/36 MP: 2/2
   986 | D:2      | Reached ** piety under Trog
   986 | D:2      | Reached skill level 1 in Throwing
  1186 | D:2      | Found a blossoming altar of Fedhas.
  1265 | D:3      | Reached XP level 4. HP: 44/44 MP: 3/3
  1271 | D:3      | Reached skill level 5 in Unarmed Combat
  1422 | D:3      | Reached XP level 5. HP: 44/50 MP: 4/4
  2156 | D:2      | Found an opulent altar of Gozag.
  2156 | D:2      | Found a white marble altar of Elyvilon.
  2303 | D:4      | Reached XP level 6. HP: 48/59 MP: 5/5
  2582 | D:4      | Found a staircase to the Ecumenical Temple.
  2687 | D:4      | Noticed Curus's ghost (amateur MiGl)
  2689 | D:4      | Found a runed translucent gate.
  2689 | D:4      | Found a runed translucent gate.
  2689 | D:4      | Found a runed translucent gate.
  3049 | D:4      | Reached *** piety under Trog
  3058 | D:4      | Reached XP level 7. HP: 61/66 MP: 6/6
  3065 | D:4      | Killed Curus's ghost
  3128 | D:5      | Entered Level 5 of the Dungeon
  3192 | D:5      | Found a runed translucent gate.
  3192 | D:5      | Found a runed translucent gate.
  3192 | D:5      | Found a runed translucent gate.
  3192 | D:5      | Noticed marak's ghost (novice NaVM)
  3325 | D:5      | Found a bloodstained altar of Trog.
  3404 | D:5      | Reached XP level 8. HP: 65/74 MP: 7/7
  3532 | D:5      | Reached skill level 10 in Unarmed Combat
  3889 | D:5      | Killed marak's ghost
  4030 | Temple   | Entered the Ecumenical Temple
  4338 | D:6      | Reached XP level 9. HP: 80/80 MP: 8/8
  4397 | D:6      | Noticed Pikel
  4402 | D:6      | Killed Pikel
  4465 | D:6      | Received a gift from Trog
  4488 | D:6      | Reached **** piety under Trog
  4493 | D:6      | Noticed a manticore
  4507 | D:6      | Killed a manticore
  4508 | D:6      | HP: 5/126 [orc/+0 dagger (4)]
  4653 | D:6      | Noticed a gargoyle
  4662 | D:6      | Killed a gargoyle
  4662 | D:6      | Reached XP level 10. HP: 94/94 MP: 9/9
  4837 | D:6      | Found a snail-covered altar of Cheibriados.
  5249 | D:7      | Found a glowing golden altar of the Shining One.
  5249 | D:7      | Found a shimmering blue altar of Sif Muna.
  5450 | D:7      | Reached skill level 1 in Evocations
  5475 | D:7      | Found a hazy altar of Hepliaklqana.
  5476 | D:7      | Found an ancient bone altar of Kikubaaqudgha.
  6436 | D:8      | Reached ***** piety under Trog
  6466 | D:8      | Got a scintillating pewter ring
  6795 | D:8      | Identified the ring of Kaecrulu {rCorr Int+6 Stlth+} (You
                  | found it on level 8 of the Dungeon)
  6826 | D:9      | Found a staircase to the Lair.
  6886 | D:9      | Noticed a two-headed ogre
  6898 | D:9      | Killed a two-headed ogre
  6898 | D:9      | Reached skill level 5 in Evocations
  6967 | D:9      | Found a runed translucent gate.
  6967 | D:9      | Found a runed translucent gate.
  6967 | D:9      | Found a runed translucent gate.
  6968 | D:9      | Noticed FishyPogo's ghost (novice DrCK)
  7053 | D:9      | Noticed a two-headed ogre
  7062 | D:9      | Killed a two-headed ogre
  7183 | D:9      | Reached skill level 5 in Dodging
  7201 | D:9      | Got a pitted falchion
  7267 | D:9      | Noticed an eight-headed hydra
  7273 | D:9      | Killed an eight-headed hydra
  7273 | D:9      | Reached skill level 5 in Fighting
  7273 | D:9      | Reached XP level 11. HP: 102/102 MP: 14/14
  7520 | D:9      | Killed FishyPogo's ghost
  7527 | D:9      | Killed an unseen horror
  7577 | D:10     | Entered Level 10 of the Dungeon
  7740 | D:10     | Noticed a two-headed ogre
  7760 | D:10     | Killed a two-headed ogre
  7796 | D:10     | Found Heutae's Armour Emporium.
  8188 | D:10     | Noticed a two-headed ogre
  8206 | D:10     | Killed a two-headed ogre
  8383 | D:11     | Received a gift from Trog
  8415 | D:11     | Found a gate leading to a gauntlet.
  8424 | Gauntlet | Entered a Gauntlet
  8424 | Gauntlet | Found a transporter.
  8428 | Gauntlet | Found a transporter.
  8434 | Gauntlet | Noticed a blizzard demon
  8444 | Gauntlet | Found a transporter.
  8448 | Gauntlet | Found a transporter.
  8463 | Gauntlet | Noticed a dire elephant
  8468 | Gauntlet | Found a transporter.
  8481 | Gauntlet | Found a transporter.
  8484 | Gauntlet | Noticed a death scarab
  8485 | Gauntlet | Found a transporter.
  8489 | Gauntlet | Found a transporter.
  8490 | Gauntlet | Noticed a hell beast
  8498 | Gauntlet | Noticed a death scarab
  8515 | Gauntlet | Noticed a sixfirhy
  8525 | Gauntlet | Found a transporter.
  8525 | Gauntlet | Found a transporter.
  8534 | Gauntlet | Found a transporter.
  8564 | Gauntlet | Noticed a sixfirhy
  8576 | Gauntlet | Found a transporter.
  8657 | Gauntlet | HP: 6/157 [blizzard demon (3)]
  8658 | Gauntlet | Killed a blizzard demon
  8770 | Gauntlet | Killed a dire elephant
  8838 | Gauntlet | Got a transparent pewter ring
  8854 | Gauntlet | Noticed a minotaur
  8859 | Gauntlet | Killed a minotaur
  8922 | Gauntlet | Identified the Handbook of Boosts
  8925 | Gauntlet | Identified the Papyrus of Noxious Good Luck
  9000 | D:11     | Reached XP level 12. HP: 118/118 MP: 15/15
  9127 | D:11     | Noticed a six-headed hydra
  9138 | D:11     | Killed a six-headed hydra
  9138 | D:11     | Reached skill level 1 in Shields
  9208 | D:11     | Identified the cursed ring of Uskayaw's Scorn {EV-3 Dex+9}
                  | (You found it in a Gauntlet)
  9347 | D:11     | Noticed Josephine
  9366 | D:11     | Killed Josephine
  9475 | D:11     | Found a staircase to the Orcish Mines.
  9965 | D:12     | Noticed Jorgrun
 10056 | D:12     | Noticed a death knight
 10160 | Lair:1   | Entered Level 1 of the Lair of Beasts
 10172 | Lair:1   | Found a shimmering altar of Xom.
 10416 | Lair:1   | Reached skill level 5 in Shields
 10447 | Lair:1   | Noticed Gastronok
 10464 | Lair:1   | Killed Gastronok
 10914 | Lair:2   | Found a hole to the Spider Nest.
 11042 | Lair:2   | Received a gift from Trog
 11794 | Lair:3   | Noticed Nergalle
 11803 | Lair:3   | Killed Nergalle
 11851 | Lair:3   | Noticed a catoblepas
 11872 | Lair:3   | Killed a catoblepas
 11872 | Lair:3   | Reached XP level 13. HP: 90/124 MP: 16/16
 12231 | Lair:3   | Noticed Sonja
 12280 | Lair:3   | Received a gift from Trog
 12449 | Lair:3   | Killed Sonja
 12449 | Lair:3   | Reached skill level 10 in Shields
 12995 | Lair:4   | Received a gift from Trog
 13084 | Lair:4   | Found a staircase to the Swamp.
 13852 | Lair:5   | You fall into a shaft and drop 1 floor!
 13852 | Lair:6   | Entered Level 6 of the Lair of Beasts
 13960 | Lair:5   | HP: 3/186 [death yak (8)]
 14291 | Lair:5   | Reached XP level 14. HP: 103/133 MP: 17/17
 14531 | Lair:6   | Found a runed translucent gate.
 14531 | Lair:6   | Found a runed translucent gate.
 14531 | Lair:6   | Found a runed translucent gate.
 14644 | Lair:6   | Noticed Curus's ghost (journeyman MfGl)
 14644 | Lair:6   | Noticed demivan's ghost (journeyman MiFi)
 14775 | Lair:6   | Found a staircase to the Slime Pits.
 14966 | Lair:6   | Found the +8 longbow "Zephyr" {speed, Dex+3 SInv}
 15362 | Lair:6   | Got a pair of brightly glowing boots
 15971 | Lair:6   | Killed demivan's ghost
 16005 | Lair:6   | Killed Curus's ghost
 16550 | D:11     | Killed Jorgrun
 16648 | D:12     | Found a shattered altar of Ashenzari.
 17435 | D:12     | Found a shattered altar of Ashenzari.
 17954 | D:12     | Found a shattered altar of Ashenzari.
 19826 | D:14     | Reached XP level 15. HP: 140/140 MP: 18/18
 19843 | D:14     | Found a gate to the Vaults.
 19853 | D:14     | Received a gift from Trog
 19861 | D:14     | Reached skill level 15 in Shields
 20759 | D:15     | Entered Level 15 of the Dungeon
 21270 | D:15     | Found a staircase to the Depths.
 21318 | D:15     | Found Biomack's Weapon Boutique.
 21799 | Orc:1    | Entered Level 1 of the Orcish Mines
 21949 | Orc:1    | Found a dark tunnel.
 21960 | Volcano  | Entered a volcano
 21979 | Volcano  | Found a bloodstained altar of Trog.
 22135 | Volcano  | Got a pitted helmet
 22298 | Orc:2    | Entered Level 2 of the Orcish Mines
 22613 | Orc:2    | Noticed an orc warlord
 22744 | Orc:1    | Killed an orc warlord
 22947 | Orc:2    | Found Keinwyqi's Magic Scroll Emporium.
 22947 | Orc:2    | Found Vikaf's General Store.
 22961 | Orc:2    | Found Houtiopn's Gadget Shoppe.
 22978 | Orc:2    | Found Cenib's Antique Weapon Emporium.
 22979 | Orc:2    | Reached skill level 15 in Unarmed Combat
 23012 | Orc:2    | Bought a scroll of fear for 52 gold pieces
 23012 | Orc:2    | Bought a scroll of fear for 52 gold pieces
 23012 | Orc:2    | Bought a scroll of magic mapping for 52 gold pieces
 23308 | Orc:2    | Found a staircase to the Elven Halls.
 24061 | Swamp:1  | Entered Level 1 of the Swamp
 24219 | Swamp:1  | Noticed Louise
 24236 | Swamp:1  | Killed Louise
 24365 | Swamp:1  | Reached XP level 16. HP: 150/156 MP: 18/20
 24898 | Swamp:2  | Identified Roxanne's Almanac of the Rocks
 24898 | Swamp:2  | Noticed Roxanne
 24917 | Swamp:2  | HP: 4/156 [nine-headed hydra (5)]
 24917 | Swamp:2  | Killed from afar by Roxanne

Levels and vault maps discovered:
D:1:      dpeg_arrival_tiny_a, layout_loops_ring
D:2:      layout_basic, nicolae_overflow_hidden_temple, fedhas_altar_3
D:3:      layout_basic, kennysheep_potato
D:4:      layout_loops_ring, minmay_temple_entry_junction,
          gammafunk_ghost_nasty_kobolds
D:5:      layout_loops_cross, first_ration, basic_altar,
          ebering_ghost_rock_garden, serial_bayou_pond_e,
          kennysheep_generic_room_16
D:6:      cheibrodos_fzero, layout_basic, kennysheep_slug_shrine, uniq_pikel
D:7:      layout_basic, chequers_temple_overflow_statue_of_worship,
          grunt_temple_overflow_open
D:8:      layout_basic, minmay_gold_behind_fungi,
          hangedman_little_slice_of_home, kennysheep_generic_room_8
D:9:      layout_irregular_city, dpeg_oklobed_lair, gammafunk_ghost_split
D:10:     layout_loops_ring, serial_shops, nicolae_shop_statue_plus
D:11:     layout_gridville, hiddenorc2_lemuel, gauntlet_entry_generic,
          uniq_josephine
D:12:     layout_irregular_city, minivault_11, serial_park_tiny_pond,
          minivault_23, chequers_garden, ashenzari_altar_1, uniq_jorgrun
D:13:     layout_loops_ring, serial_glass, glass_columns_b, glass_columns_b
D:14:     layout_roguey, david_vaults_2, hangedman_decor_peaks_small
D:15:     gammafunk_depths_entry_grave, layout_irregular_city, serial_shops,
          shop_fountains
Temple:   minmay_temple_curvy_branch
Lair:1:   layout_regular_city, basic_altar, uniq_gastronok
Lair:2:   layout_chaotic_city, spider_nest_entry_web_field, grunt_megastairs_3,
          serial_bayou_shore_a
Lair:3:   layout_concentric_octagons, st_stairs_4, grunt_forest_large_clearings,
          uniq_nergalle, uniq_sonja
Lair:4:   layout_hall_layers, skrybe_swamp_entry_bodies, guppyfry_lair_drakes
Lair:5:   layout_small_grid
Lair:6:   hangedman_lair_caniforms_friends, layout_hall_layers,
          nicolae_slime_entry_slimehenge, gammafunk_ghost_cemetery,
          eino_small_chamber_without_monster, infiniplex_staircase_pool
Swamp:1:  layout_basic_swamp, evilmike_swamp_ruin_house_2, uniq_louise
Swamp:2:  layout_falls_marsh, nicolae_swamp_godswood, swamp_pool5, uniq_roxanne
Orc:1:    layout_diamond_mine, enter_volcano_2
Orc:2:    st_orc_mages, layout_caves

Skill      XL: |  1  2  3  4  5  6  7  8  9 10 11 12 13 14 15 16 |
---------------+-------------------------------------------------+-----
Unarmed Combat | 4 5 6 8 9 11 12 13 15 | 15.0
Throwing       | 1 |  1.1
Fighting       | 4 5 7 9 |  9.2
Dodging        | 4 5 7 9 |  9.2
Evocations     | 6 7 |  7.3
Shields        | 8 12 14 15 | 15.0

Action                   |  1- 3 |  4- 6 |  7- 9 | 10-12 | 13-15 | 16-18 || total
-------------------------+-------+-------+-------+-------+-------+-------++-------
Melee: Unarmed           |   117 |   115 |   193 |   592 |  1607 |    71 ||  2695
       Punch             |     4 |     5 |    19 |    14 |       |       ||    42
Throw: Large rock        |       |       |     1 |       |     1 |     3 ||     5
Invok: Berserk           |       |     1 |     2 |     5 |     3 |     1 ||    12
       Trog's Hand       |       |       |     2 |     3 |    16 |     1 ||    22
       Brothers in Arms  |       |       |       |     5 |    14 |     2 ||    21
Evoke: Wand              |       |       |       |     9 |    41 |       ||    50
       Box of beasts     |       |       |       |       |     2 |       ||     2
  Use: Scroll            |       |    13 |     4 |    15 |     4 |       ||    36
       Potion            |       |       |       |       |     3 |     3 ||     6
 Stab: Sleeping          |     1 |     2 |       |     3 |     9 |       ||    15
       Distracted        |       |       |       |     1 |     2 |       ||     3
       Paralysed         |       |       |       |       |    15 |       ||    15
       Invisible         |       |       |       |       |     3 |       ||     3
  Eat: Chunk             |    17 |    14 |    21 |    84 |   123 |     8 ||   267
       Ration            |       |       |       |       |     1 |       ||     1
Armor: Animal skin       |    27 |     1 |       |       |       |       ||    28
       Robe              |       |    36 |    31 |    68 |    33 |    11 ||   179
       Steam dragon scal |       |       |       |     5 |   228 |       ||   233
       Skin              |       |       |       |       |     2 |       ||     2
Dodge: Dodged            |    43 |    43 |    80 |   238 |   581 |    36 ||  1021
Block: Large shield      |       |       |       |   156 |  1577 |    58 ||  1791
